 Seeded DCSS version 0.29.1-2-gbd0b4ee654 (webtiles) character file.

Game seed: 3311 (custom seed)

684 Ashen the Magician (level 7, -4/51 HPs)
             Began as a Demonspawn Hedge Wizard on Oct 27, 2022.
             Was an Initiate of Vehumet.
             Slain by a gnoll bouda
             ... wielding a +0 club
              (9 damage)
             ... on level 5 of the Dungeon.
             The game lasted 00:16:09 (8104 turns).

Ashen the Magician (Demonspawn Hedge Wizard)        Turns: 8104, Time: 00:16:10

Health: -4/51      AC:  4    Str: 11    XL:     7   Next: 35%
Magic:  13/13      EV: 12    Int: 17    God:    Vehumet [......]
Gold:   276        SH:  0    Dex: 12    Spells: 6/14 levels left

rFire   . . .      SeeInvis .   k - +0 short sword (venom)
rCold   . . .      Faith    .   (no shield)
rNeg    . . .      Spirit   .   h - +0 leather armour
rPois   .          Reflect  .   o - +0 helmet
rElec   .          Harm     .   (no cloak)
rCorr   .          Rampage  .   (no gloves)
Will    .....                   (no boots)
Stlth   ++........              (no amulet)
HPRegen 0.17/turn               (no ring)
MPRegen 0.13/turn               (no ring)

@: no status effects
A: powered by pain 1, sturdy frame 2
a: Renounce Religion


You were on level 5 of the Dungeon.
You worshipped Vehumet.
Vehumet was noncommittal.
You visited 1 branch of the dungeon, and saw 5 of its levels.

You collected 276 gold pieces.

Inventory:

Hand Weapons
 g - a +2 hand axe of distortion
 j - a +0 dagger of venom
 k - a +0 short sword of venom (weapon)
Armour
 c - a +0 hat
 h - a +0 leather armour (worn)
 o - a +0 helmet (worn)
Scrolls
 a - a scroll of enchant armour {unknown}
 b - a scroll of fear {unknown}
 f - 4 scrolls of teleportation {unknown}
 i - 3 scrolls of identify {unknown}
 n - a scroll of noise {unknown}
 p - a scroll of poison {unknown}
 r - a scroll of immolation {unknown}
 s - a scroll of vulnerability {unknown}
 u - a scroll of amnesia {unknown}
Potions
 d - a potion of magic
 e - a potion of mutation {unknown}
 l - 2 potions of attraction {unknown}
 m - 2 potions of resistance {unknown}
 q - a potion of curing {unknown}
 t - a potion of flight {unknown}


   Skills:
 + Level 2.6 Fighting
 + Level 3.3 Dodging
 + Level 3.4 Stealth
 + Level 4.1 Spellcasting
 + Level 3.3 Conjurations
 - Level 2.0 Summonings
 - Level 2.0 Translocations
 + Level 2.2 Air Magic


You had 6 spell levels left.
You knew the following spells:

 Your Spells              Type           Power      Damage    Failure   Level
a - Magic Dart            Conj           56%        1d5       4%          1
b - Blink                 Tloc           20%        N/A       11%         2
c - Call Imp              Summ           10%        N/A       11%         2
d - Mephitic Cloud        Conj/Pois/Air  9%         N/A       22%         3

Your spell library contained the following spells:

 Spells                   Type           Power      Damage    Failure   Level
 Slow                     Hex            12%        N/A       16%         1
 Conjure Flame            Conj/Fire      9%         6-21      24%         3
 Frozen Ramparts          Ice            6%         1d1       43%         3
 Summon Ice Beast         Ice/Summ       6%         N/A       71%         4
 Ice Form                 Ice/Tmut       3%         N/A       83%         4
 Summon Mana Viper        Hex/Summ       6%         N/A       96%         5
 Monstrous Menagerie      Summ           5%         N/A       100%        7


Dungeon Overview and Level Annotations

Branches:
Dungeon (5/15)
 Temple: D:4-7

Altars:
Sif Muna
Trog
Vehumet
Wu Jian

Annotations:
D:2 1 runed translucent door, exclusion: door, Crazy Yiuf


Innate Abilities, Weirdness & Mutations

You sometimes gain a little power by taking damage.
Your movements are less encumbered by armour. (ER -4)


Message History

The gnoll is moderately wounded.
A gnoll comes into view. It is wielding a +0 spear.
The gnoll throws a throwing net.
The throwing net misses you.
You see here a throwing net.
A gnoll bouda comes into view. It is wielding a +0 club.
The gnoll hits you with a +2 flail of holy wrath.
You convulse.
You completely miss the gnoll.
The gnoll is lightly wounded.
The gnoll hits you but does no damage.
You closely miss the gnoll.
The gnoll is lightly wounded.
The gnoll misses you. x2
The gnoll bouda shouts!
You hit the gnoll.
The gnoll is poisoned.
The gnoll is moderately wounded.
You hear a shout!
The gnoll misses you.
You hear a shout!
You barely miss the gnoll.
The gnoll is moderately wounded.
The gnoll barely misses you.
You hit the gnoll.
The gnoll looks as sick as possible!
The gnoll is heavily wounded.
The gnoll closely misses you.
You closely miss the gnoll.
The gnoll is severely wounded.
The gnoll hits you with a +2 flail of holy wrath.
You convulse.
You barely miss the gnoll bouda. The gnoll misses you.
The gnoll bouda barks out a call to the hunt!
The gnoll picks up the pace!
You barely miss the gnoll bouda.
The gnoll hits you with a +2 flail of holy wrath!
You convulse!!
* * * LOW HITPOINT WARNING * * *
The gnoll bouda misses you.
You barely miss the gnoll bouda. The gnoll barely misses you.
The gnoll bouda hits you with a +0 club!
You die...

#.....<.###.###.......#
#.....#..#..# ######5##
##...####.#### # #.#
###.####.g...#. #.#
..g......##.# ##.# #.##
####.##.# ##..####### ..
#.##.###......##.. #.
#g........###.##.#
#@....#...###.##..
#g##.............#
#....##..#.##.#..#
g#..#######.#####..#.##(#...
...>.g...(..#####.......##..
#.##.###..........##.#####.#
#...#########.## #.. #...#
###..###### #...#
#.......###


You could see a gnoll bouda and 2 gnolls.

Vanquished Creatures
  An ice beast (D:5)
  An ogre (D:4)
  A hound (D:4)
  A jelly (D:4)
  3 orc priests
  2 orc wizards (D:3)
  2 adders
  A shadow imp (D:5)
  3 worms
  3 dart slugs
  9 orcs
  10 endoplasms
  4 giant cockroaches
  9 hobgoblins
  4 jackals (D:2)
  2 quokkas
  8 ball pythons
  4 bats
  2 frilled lizards
  3 goblins
  5 kobolds
  5 rats
83 creatures vanquished.

Vanquished Creatures (collateral kills)
  A phantom (D:5)
  A necrophage (D:5)
  2 orc wizards (D:3)
  A kobold (D:1)
5 creatures vanquished.

Grand Total: 88 creatures vanquished

Notes
Turn   | Place    | Note
-------+----------+-------------------------------------------
     0 | D:1      | Ashen the Demonspawn Hedge Wizard began the quest for the
                  | Orb.
     0 | D:1      | Reached XP level 1. HP: 13/13 MP: 4/4
   158 | D:1      | Reached skill level 1 in Translocations
   263 | D:1      | Gained mutation: Your movements are slightly less
                  | encumbered by armour. (ER -2) [demonic ancestry]
   263 | D:1      | Reached XP level 2. HP: 8/19 MP: 0/6
   762 | D:1      | Learned a level 2 spell: Blink
   765 | D:1      | Learned a level 2 spell: Call Imp
  1756 | D:2      | Gained mutation: Your movements are less encumbered by
                  | armour. (ER -4) [demonic ancestry]
  1756 | D:2      | Reached XP level 3. HP: 14/25 MP: 1/7
  1760 | D:2      | Learned a level 3 spell: Mephitic Cloud
  1938 | D:2      | Found a runed translucent door.
  1939 | D:2      | Noticed Crazy Yiuf
  2071 | D:2      | Found a faded altar of an unknown god.
  3136 | D:3      | Found a shimmering blue altar of Sif Muna.
  3226 | D:3      | Found a radiant altar of Vehumet.
  3252 | D:3      | Became a worshipper of Vehumet
  3755 | D:3      | Reached XP level 4. HP: 16/31 MP: 6/8
  3984 | D:3      | Reached skill level 1 in Fighting
  4165 | D:3      | Reached XP level 5. HP: 26/37 MP: 10/10
  4409 | D:3      | Reached skill level 1 in Air Magic
  4442 | D:3      | HP: 1/37 [orc priest/divine providence (15)]
  5367 | D:3      | Gained mutation: You sometimes gain a little power by
                  | taking damage. [demonic ancestry]
  5367 | D:3      | Reached XP level 6. HP: 29/43 MP: 8/11
  6504 | D:5      | Entered Level 5 of the Dungeon
  6504 | D:5      | Found a bloodstained altar of Trog.
  6506 | D:5      | Found an ornate altar of the Wu Jian Council.
  6643 | D:5      | Noticed an ice beast
  6829 | D:5      | Reached XP level 7. HP: 36/50 MP: 10/12
  7351 | D:5      | Reached skill level 4 in Spellcasting
  8104 | D:5      | Slain by a gnoll bouda

Illustrated notes

Levels and vault maps discovered:
D:1:      amcnicky_arrival_flooded_fountain, layout_loops_corners
D:2:      layout_basic, shapermc_ecumenical_altar_petra,
          nicolae_figureground_sparkle, uniq_crazy_yiuf_cottage
D:3:      layout_basic, nicolae_sif_muna_little_library,
          mainiacjoe_overflow_paths, serial_co_window_serial,
          co_window_of_opportunity_a, co_window_corner_a, co_window_paths_a,
          co_window_of_opportunity_a, co_window_of_opportunity_a,
          co_window_cross_3, co_window_unsneaky_path_c, co_window_corner_b,
          co_window_cross_4, co_window_unsneaky_path_c,
          co_window_of_opportunity_c, co_window_paths_d, glass_columns_a,
          glass_columns_a, glass_columns_a, glass_columns_c, glass_columns_b
D:4:      layout_layer_cave
D:5:      dreamdust_elfheim, layout_loops_cross, grunt_temple_overflow_open,
          mainiacjoe_overflow_brackets, gammafunk_temple_overflow_wave

Skill      XL: |  1  2  3  4  5  6  7 |
---------------+----------------------+-----
Translocations | 1 2 |  2.0
Stealth        | 2 3 |  3.4
Dodging        | 2 3 |  3.3
Fighting       | 1 2 |  2.6
Conjurations   | 2 3 |  3.3
Summonings     | 2 |  2.0
Air Magic      | 1 2 |  2.2
Spellcasting   | 4 |  4.1

Action                   |  1- 3 |  4- 6 |  7- 9 || total
-------------------------+-------+-------+-------++-------
Melee: Dagger            |    12 |       |       ||    12
       Short sword       |    68 |    98 |    29 ||   195
       Punch             |     1 |     1 |       ||     2
 Cast: Magic Dart        |    73 |    72 |    38 ||   183
       Call Imp          |     3 |    15 |     8 ||    26
       Blink             |       |     3 |     4 ||     7
  Use: Potion            |       |     1 |       ||     1
 Stab: Sleeping          |     7 |     2 |       ||     9
Armor: Robe              |    12 |       |       ||    12
       Leather armour    |    10 |    21 |    11 ||    42
Dodge: Dodged            |    56 |    57 |    27 ||   140
